 Dungeon Crawl Stone Soup version 0.23.2-40-g277498a001 (webtiles) character file.

Game seed: 17604506348103331907

844 DildoBatman the Conjurer (level 8, -2/52 HPs)
             Began as a Formicid Wizard on Sept 21, 2019.
             Slain by Grinder (6 damage)
             ... on level 4 of the Dungeon.
             The game lasted 00:26:46 (6857 turns).

DildoBatman the Conjurer (Formicid Wizard)          Turns: 6857, Time: 00:26:47

Health: -2/52      AC:  8    Str: 17    XL:     8   Next: 20%
Magic:  21/21      EV: 11    Int: 20    God:
Gold:   236        SH:  4    Dex:  9    Spells: 6/13 levels left

rFire    x . .     SeeInvis +   a - +8 dagger of Gozag's Reproof {pain, rElec rF- rC+++ MP+9}
rCold    + + +     Gourm    +   u - +0 buckler
rNeg     . . .     Faith    .   r - +2 leather armour {rPois}
rPois    +         Spirit   .   (helmet unavailable)
rElec    +         Reflect  .   t - +0 cloak (curse)
rCorr    .         Harm     .   q - +1 pair of gloves
MR       .....                  (no boots)
Stlth    ++........             B - amulet of the gourmand
HPRegen  0.17/turn              c - ring of teleportation (curse)
MPRegen  0.17/turn              C - +5 ring of strength

@: drained
A: permanent stasis, dig shafts and tunnels, four strong arms, antennae 3
a: Dig, Shaft Self


You were on level 4 of the Dungeon.
You were full.

You visited 2 branches of the dungeon, and saw 8 of its levels.

You collected 236 gold pieces.

Inventory:

Hand Weapons
 a - the +8 dagger of Gozag's Reproof (weapon) {pain, rElec rF- rC+++ MP+9}
   (You found it on level 5 of the Dungeon)

   In the hands of one skilled in necromantic magic, it inflicts extra damage on
   living creatures.
   It makes you vulnerable to fire.
   It renders you almost immune to cold.
   It insulates you from electricity.
   It affects your magic capacity (+9).
 b - a +0 hunting sling
 e - a +0 quarterstaff
 f - a +0 spear
 x - a +1 war axe of draining
Missiles
 d - 72 arrows
 g - 3 tomahawks
 i - 15 sling bullets
 l - 34 poisoned needles
 o - 39 bolts
 w - 173 stones (quivered)
 D - 2 curare-tipped needles
Armour
 q - a +1 pair of gloves (worn)
 r - a +2 leather armour of poison resistance (worn)
 t - a cursed +0 cloak (worn)
 u - a +0 buckler (worn)
Jewellery
 c - a cursed ring of teleportation (left hand)
 y - a +2 ring of intelligence
 B - an amulet of the gourmand (around neck)
 C - a +5 ring of strength (right hand)
Wands
 F - a wand of disintegration (5)
Scrolls
 k - 2 scrolls of enchant armour
 n - a scroll of fear
 z - 5 scrolls of identify
 E - a scroll of enchant weapon
Potions
 h - a potion of berserk rage {unknown}
 j - a potion of brilliance {unknown}
 m - 6 potions of curing {unknown}
 p - a potion of ambrosia {unknown}
 s - 2 potions of might {unknown}
 A - a potion of degeneration {unknown}
Comestibles
 v - 8 rations


   Skills:
 - Level 1.2(0.5) Short Blades
 - Level 1.7(1.0) Dodging
 * Level 5.6(4.7) Stealth
 - Level 3.0(2.2) Shields
 - Level 3.2(2.4) Spellcasting
 - Level 6.0(5.1) Conjurations
   Level 1.0(0.2) Summonings
   Level 0.8(0.1) Translocations
 * Level 1.1(0.3) Fire Magic
 * Level 0.8(0.1) Air Magic
 * Level 1.5(0.7) Poison Magic


You had 6 spell levels left.
You knew the following spells:

 Your Spells              Type           Power        Failure   Level  Hunger
a - Conjure Flame         Conj/Fire      ##......     19%         3    ###....
c - Magic Dart            Conj           ###.         2%          1    #......
e - Mephitic Cloud        Conj/Pois/Air  ##......     26%         3    ###....

Your spell library contained the following spells:

 Spells                   Type           Power        Failure   Level  Hunger
 Call Imp                 Summ           #.......     26%         2    ##.....
 Slow                     Hex            #.......     28%         2    ##.....
 Blink                    Tloc           Unusable     N/A         2    N/A

Dungeon Overview and Level Annotations

Branches:
Dungeon (7/15)             Temple (1/1) D:6

Altars:
Ashenzari
Cheibriados
Dithmenos
Elyvilon
Fedhas
Gozag
Hepliaklqana
Makhleb
Nemelex Xobeh
Okawaru
Qazlal
Ru
Sif Muna
Uskayaw
Wu Jian
Yredelemnul
Zin
The Shining One

Annotations:
D:4 Eustachio, Grinder
D:5 1 runed translucent door, exclusions: sensed monster (detected) and zombie, Crazy Yiuf
D:6 exclusions: orc and wight
D:7 exclusions: ball python, ogre, 4 sensed monsters (detected) and skeleton


Innate Abilities, Weirdness & Mutations

You cannot be hasted, slowed, berserked, paralysed or teleported.
You can dig through walls and to a lower floor.
Your four strong arms can wield two-handed weapons with a shield.
You have a pair of large antennae on your head. (SInv)


Message History

r - Retreat! s - Stop attacking. g - Guard the area. f - Follow me.
Anything else - Cancel.
You shout for attention!
The bullfrog zombie misses you. The wight hits you but does no damage.
Grinder gestures at you. Pain shoots through your body!
What are your orders? t - Shout!
Orders for allies: a - Attack new target. r - Retreat! s - Stop attacking. g - Guard the area. f - Follow me.
Anything else - Cancel.
You shout for attention!
The bullfrog zombie hits you but does no damage.
The phantom blinks!
Grinder hits you.
You writhe in agony.
You die...

÷#.......# #...# #########.#
.#..#.##.### #...# #.#
...........# #...# #.#
...[#.##[#.# ##§########### #.#
##.......#.######.##........###..
....#.##.........W##.#.##....####
#####.##.#.#####..##.#.##.....##
#.##.#.###...Z.....#.......##
#..........5@z##.##.........#
####.#######..##............# #.#
#..##.##.........# ##.#
#.<##.#..888....## #..#
#.....#.#......## #..#
#....<#.#...P.## #..#
#....##.#...###
#..#######....##.#.#.#
###.............##.#.#.#


You could see Grinder, a phantom, a wight and a bullfrog zombie.

Vanquished Creatures
  A bullfrog (D:7)
  4 killer bees (D:6)
  A centaur zombie (D:4)
  A jelly (D:5)
  2 orc priests
  An orc wizard (D:7)
  A centaur skeleton (D:6)
  A gnoll shaman (D:5)
  2 iguanas
  3 worker ants
  2 hound zombies (D:4)
  8 gnolls
  2 adders
  A shadow imp (D:5)
  2 adder zombies
  A worm (D:2)
  3 dart slugs
  4 leopard geckos
  20 orcs
  6 giant cockroaches
  11 hobgoblins
  8 jackals
  3 quokkas
  4 ball pythons
  9 bats
  A frilled lizard (D:2)
  2 gnoll zombies (D:3)
  12 goblins
  10 kobolds
  4 rats
130 creatures vanquished.

Notes
Turn   | Place    | Note
-------+----------+-------------------------------------------
     0 | D:1      | DildoBatman the Formicid Wizard began the quest for the
                  | Orb.
     0 | D:1      | Reached XP level 1. HP: 13/13 MP: 4/4
    36 | D:1      | Reached skill level 1 in Conjurations
   395 | D:1      | Reached XP level 2. HP: 19/19 MP: 4/6
   520 | D:1      | Reached skill level 2 in Conjurations
  1059 | D:1      | Reached XP level 3. HP: 24/24 MP: 4/7
  1064 | D:1      | Learned a level 3 spell: Conjure Flame
  1068 | D:1      | Learned a level 3 spell: Mephitic Cloud
  1659 | D:2      | Reached skill level 3 in Conjurations
  1659 | D:2      | Reached XP level 4. HP: 26/30 MP: 3/8
  2438 | D:2      | Reached skill level 4 in Conjurations
  2438 | D:2      | Reached XP level 5. HP: 35/35 MP: 6/9
  2503 | D:2      | Found a sacrificial altar of Ru.
  2833 | D:3      | Found a basalt altar of Yredelemnul.
  2900 | D:3      | Reached skill level 1 in Shields
  3062 | D:3      | Reached XP level 6. HP: 27/41 MP: 6/10
  3447 | D:4      | Noticed a phantom
  3503 | D:4      | Found a stormy altar of Qazlal.
  3505 | D:4      | Noticed a fire elemental
  3506 | D:4      | Noticed an air elemental
  3506 | D:4      | Noticed a water elemental
  3537 | D:4      | Noticed Grinder
  3780 | D:4      | Found an ornate altar of the Wu Jian Council.
  3909 | D:4      | Noticed Eustachio
  4351 | D:5      | Entered Level 5 of the Dungeon
  4385 | D:5      | Reached skill level 5 in Conjurations
  4427 | D:5      | Reached XP level 7. HP: 24/46 MP: 3/11
  4683 | D:5      | Got a steaming dagger
  4721 | D:5      | Found a burning altar of Makhleb.
  4883 | D:5      | Identified the +8 dagger of Gozag's Reproof {pain, rElec
                  | rF- rC+++ MP+9} (You found it on level 5 of the Dungeon)
  5033 | D:5      | Found a runed translucent door.
  5034 | D:5      | Noticed Crazy Yiuf
  5633 | D:7      | Found a glowing golden altar of the Shining One.
  5732 | D:7      | Found an iron altar of Okawaru.
  5837 | D:7      | Found a blossoming altar of Fedhas.
  5999 | D:7      | Reached skill level 1 in Short Blades
  5999 | D:7      | Reached skill level 5 in Stealth
  6311 | D:6      | Reached XP level 8. HP: 38/52 MP: 12/12
  6361 | D:6      | Reached skill level 1 in Poison Magic
  6385 | D:6      | Reached skill level 6 in Conjurations
  6385 | D:6      | Reached skill level 1 in Fire Magic
  6429 | D:6      | Noticed a +0 hand axe
  6430 | D:6      | Noticed a +0 dagger
  6431 | D:6      | Found a hide-covered altar of Uskayaw.
  6475 | D:6      | Found a staircase to the Ecumenical Temple.
  6484 | Temple   | Entered the Ecumenical Temple
  6857 | D:4      | Slain by Grinder

Skill      XL: |  1  2  3  4  5  6  7  8 |
---------------+-------------------------+-----
Conjurations   | 1 2 3 4 5 6 |  6.0
Shields        | 2 3 |  3.0
Stealth        | 3 5 |  5.6
Short Blades   | 1 |  1.2
Poison Magic   | 1 |  1.5
Fire Magic     | 1 |  1.1
Dodging        | |  1.7
Spellcasting   | |  3.2
Summonings     | |  1.0
Translocations | |  0.8
Air Magic      | |  0.8

Action                   |  1- 3 |  4- 6 |  7- 9 || total
-------------------------+-------+-------+-------++-------
Melee: Short sword       |    13 |     5 |       ||    18
       Mace              |       |     6 |       ||     6
       Quarterstaff      |       |    64 |     3 ||    67
       Falchion          |       |    15 |       ||    15
       Dagger            |       |       |    68 ||    68
 Fire: Hunting sling     |       |    61 |    19 ||    80
Throw: Stone             |     4 |       |       ||     4
 Cast: Magic Dart        |    61 |    88 |    37 ||   186
       Mephitic Cloud    |     1 |     2 |     8 ||    11
       Conjure Flame     |       |     5 |     3 ||     8
 Abil: Dig               |     3 |     6 |     7 ||    16
  Use: Scroll            |       |     3 |     4 ||     7
 Stab: Confused          |       |     1 |       ||     1
       Sleeping          |       |     1 |       ||     1
  Eat: Chunk             |     2 |    10 |    17 ||    29
Armor: Robe              |     5 |     2 |       ||     7
       Leather armour    |       |    39 |    45 ||    84
Dodge: Dodged            |    24 |    88 |    85 ||   197
Block: Buckler           |       |     4 |    27 ||    31
       Rpst.: Falchion   |       |     4 |       ||     4
